 Dungeon Crawl Stone Soup version 0.23.2-1-ga50397a6bc (webtiles) character file.

Game seed: 5279055122628510166

316 Mrkan the Ruffian (level 6, -11/59 HPs)
             Began as a Troll Monk on May 21, 2019.
             Mangled by a worm (13 damage)
             ... on level 3 of the Dungeon.
             The game lasted 00:03:44 (1717 turns).

Mrkan the Ruffian (Troll Monk)                      Turns: 1717, Time: 00:03:44

Health: -11/59     AC:  6    Str: 20    XL:     6   Next: 20%
Magic:  5/5        EV: 10    Int:  6    God:
Gold:   72         SH:  0    Dex: 14    Spells: 5/5 levels left

rFire    . . .     SeeInvis .     - Unarmed
rCold    . . .     Gourm    +   (no shield)
rNeg     . . .     Faith    .   a - +0 robe
rPois    .         Spirit   .   (helmet restricted)
rElec    .         Reflect  .   (no cloak)
rCorr    .         Harm     .   (gloves unavailable)
MR       +....                  (boots unavailable)
Stlth    ++........             (no amulet)
HPRegen  0.59/turn              e - ring of protection from magic
MPRegen  0.09/turn              (no ring)

@: no status effects
A: large, unfitting armour, claws 3, fast metabolism 3, gourmand, regeneration
1, shaggy fur 1, tough skin 3
a: no special abilities


You were on level 3 of the Dungeon.
You were not hungry.

You visited 1 branch of the dungeon, and saw 3 of its levels.

You collected 72 gold pieces.

Inventory:

Armour
 a - a +0 robe (worn)
Jewellery
 e - a ring of protection from magic (left claw)
 j - an uncursed amulet of magic regeneration {unknown}
 l - an uncursed amulet of the gourmand {unknown}
Wands
 k - a wand of acid (8)
Scrolls
 d - 3 scrolls of identify {unknown}
 i - 2 scrolls of teleportation {unknown}
 m - a scroll of noise {unknown}
 q - a scroll of fear {unknown}
Potions
 c - a potion of brilliance {unknown}
 f - a potion of mutation {unknown}
 g - a potion of haste {unknown}
 h - 2 potions of curing {unknown}
 n - a potion of invisibility {unknown}
 o - a potion of degeneration {unknown}
 p - a potion of agility {unknown}
Comestibles
 b - 4 rations


   Skills:
 - Level 2.4 Fighting
 - Level 2.4 Dodging
 - Level 1.0 Stealth
 * Level 7.0 Unarmed Combat


You had 5 spell levels left.
You didn't know any spells.
Your spell library was empty.

Dungeon Overview and Level Annotations

Branches:
Dungeon (3/15)

Altars:
Sif Muna
Trog


Innate Abilities, Weirdness & Mutations

You are too large for most types of armour.
You have claws for hands.
Your metabolism is lightning-fast.
You like to eat raw meat.
Your natural rate of healing is unusually fast.
You are covered in fur. (AC +1)
You have extremely tough skin. (AC +3)


Message History

The moth of wrath goads the worm on!
The worm goes berserk!
The rat bites you. The worm bites you!
The moth of wrath goads the worm on!
The worm goes berserk!
The rat bites you but does no damage. The worm bites you.
The rat bites you but does no damage. The worm barely misses you.
You see here a worm corpse.
You scratch the worm.
The worm is lightly wounded.
The rat bites you but does no damage. The worm bites you!
You claw the worm!
The worm is severely wounded.
The rat closely misses you. The worm misses you. The worm bites you.
You closely miss the rat. The rat bites you but does no damage.
The worm bites you!
* * * LOW HITPOINT WARNING * * *
The rat barely misses you. The worm bites you!
* * * LOW HITPOINT WARNING * * *
You claw the rat!
You kill the rat!
The worm bites you!
You die...

###### ##....###
##.......## #...†.....#
# #######....#.@w)#
####....##...###w..)#
.....##......#y#._..#
##########...###...)#
....#...##....#...)##
.........#.........###
.........##.......##.##
..........##....###...#
.(.........#######....#


You could see a moth of wrath and 2 worms.

Vanquished Creatures
  An ogre (D:3)
  3 orc priests
  Ijyb (D:3)
  3 adders (D:2)
  An ooze (D:1)
  A worm (D:3)
  2 dart slugs
  3 leopard geckos
  5 orcs
  8 bats
  3 giant cockroaches
  8 goblins
  5 hobgoblins
  8 jackals
  11 kobolds
  3 quokkas (D:2)
  A frilled lizard (D:1)
  8 rats
75 creatures vanquished.

Notes
Turn   | Place    | Note
-------+----------+-------------------------------------------
     0 | D:1      | Mrkan the Troll Monk began the quest for the Orb.
     0 | D:1      | Reached XP level 1. HP: 22/22 MP: 0/0
    89 | D:1      | Reached XP level 2. HP: 27/29 MP: 1/1
   152 | D:1      | Reached skill level 4 in Unarmed Combat
   328 | D:1      | Reached XP level 3. HP: 31/36 MP: 2/2
   854 | D:2      | Reached XP level 4. HP: 33/44 MP: 3/3
   959 | D:2      | Reached skill level 5 in Unarmed Combat
  1156 | D:3      | Noticed Ijyb
  1233 | D:2      | Reached XP level 5. HP: 48/50 MP: 4/4
  1235 | D:2      | Reached skill level 6 in Unarmed Combat
  1268 | D:3      | Killed Ijyb
  1322 | D:3      | Noticed an ogre
  1347 | D:3      | Killed an ogre
  1347 | D:3      | Reached XP level 6. HP: 49/59 MP: 5/5
  1372 | D:3      | Reached skill level 7 in Unarmed Combat
  1489 | D:3      | Found a deep blue altar of Sif Muna.
  1697 | D:3      | Noticed a moth of wrath
  1700 | D:3      | Found a bloodstained altar of Trog.
  1716 | D:3      | HP: 2/59 [worm (15)]
  1717 | D:3      | Mangled by a worm

Skill      XL: |  1  2  3  4  5  6 |
---------------+-------------------+-----
Unarmed Combat | 4 5 6 7 |  7.0
Fighting       | |  2.4
Dodging        | |  2.4
Stealth        | |  1.0

Action                   |  1- 3 |  4- 6 || total
-------------------------+-------+-------++-------
Melee: Unarmed           |    83 |    86 ||   169
       Punch             |     1 |     1 ||     2
 Stab: Sleeping          |     1 |     2 ||     3
  Eat: Chunk             |     5 |    11 ||    16
Armor: Robe              |    52 |    46 ||    98
Dodge: Dodged            |    59 |    73 ||   132
